 Dungeon Crawl Stone Soup version 0.31.0-32-g396128a36d (webtiles) character file.

Game seed: 9298362315904039055

137232 Peloso the Fencer (level 16, -2/159 HPs)
             Began as a Minotaur Fighter on Apr 14, 2024.
             Was the Champion of Okawaru.
             Slain by Arachne
             ... wielding a staff of alchemy
              (22 damage)
             ... on level 2 of the Spider Nest.
             The game lasted 01:05:05 (32704 turns).

Peloso the Fencer (Minotaur Fighter)               Turns: 32704, Time: 01:05:07

Health: -2/159     AC: 30    Str: 23    XL:     16   Next: 68%
Magic:  0/15       EV: 13    Int:  5    God:    Okawaru [******]
Gold:   3266       SH: 16    Dex: 16    Spells: 15/15 levels left

rFire   + + .        a - +11 Singing Sword {sonic wave}
rCold   + . .        d - +0 kite shield
rNeg    . . .        g - +3 chain mail {rF+}
rPois   .            (helmet restricted)
rElec   .            O - +1 cloak {rF+}
rCorr   .            D - +2 pair of gloves {infuse}
SInv    .            j - +3 pair of seven-league boots {Rampage+∞}
Will    +....        G - amulet of regeneration Stlth
                     i - ring of the Octopus King {rC+ HP+2 AC+2 EV+2 SH+2}
HPRegen 1.26/turn    z - +4 ring of slaying
MPRegen 0.14/turn

%: rampage+∞
@: lethally poisoned (-2 -> -3), studying Throwing
A: horns 2, retaliatory headbutt
a: Renounce Religion, Heroism, Finesse, Duel, Receive Weapon, Receive Armour


You were on level 2 of the Spider Nest.
You worshipped Okawaru.
Okawaru was exalted by your worship.
You visited 5 branches of the dungeon, and saw 25 of its levels.
You also visited: Gauntlet and Volcano.

You collected 3506 gold pieces.
You spent 240 gold pieces at shops.

Inventory:

Hand Weapons
 a - the +11 Singing Sword (weapon) {sonic wave}
   (You found it on level 5 of the Dungeon)
 b - a +3 scimitar
 c - a +2 scimitar of flaming
Armour
 d - a +0 kite shield (worn)
 g - a +3 chain mail of fire resistance (worn)
 j - the +3 pair of seven-league boots (worn) {Rampage+∞}
   (You found it on level 4 of the Lair of Beasts)

   Rampage+∞: When moving toward enemies, its wearer moves as far as possible,
   alerting their target en route.
 D - a +2 pair of gloves of infusion (worn)
 O - a +1 cloak of fire resistance (worn)
Jewellery
 i - a ring of the Octopus King (left hand) {rC+ HP+2 AC+2 EV+2 SH+2}
   (You found it in a Gauntlet)

   [ring of protection from cold]

   AC+2:      It affects your AC (+2).
   EV+2:      It affects your evasion (+2).
   rC+:       It protects you from cold.
   HP+2:      It affects your health (+2).
   SH+2:      It affects your SH (+2).
 n - a ring of protection from cold
 o - a ring of flight
 z - a +4 ring of slaying (right hand)
 B - a ring of poison resistance
 C - the amulet "Xuontaaq" {Acrobat Str+3}
   (You found it in a Gauntlet)

   [amulet of the acrobat]

   Acrobat:   It increases your evasion while moving and waiting.
   Str+3:     It affects your strength (+3).
 G - an amulet of regeneration (around neck)
 I - a +4 ring of slaying
 M - the amulet "Voludgh" {Reflect Int+7 SH+5}
   (You found it in a Gauntlet)

   [amulet of reflection]

   Reflect:   It reflects blocked missile attacks.
   Int+7:     It affects your intelligence (+7).
   SH+5:      It affects your SH (+5).
Wands
 u - a wand of paralysis (3)
 y - a wand of flame (58)
 A - a wand of roots (45)
 T - a wand of mindburst (7)
 X - a wand of quicksilver (5)
Scrolls
 e - 2 scrolls of revelation
 h - 2 scrolls of identify
 k - a scroll of fog
 q - 3 scrolls of poison
 r - 2 scrolls of blinking
 s - a scroll of amnesia
 v - a scroll of immolation
 w - 3 scrolls of fear
 x - 5 scrolls of teleportation
 F - a scroll of enchant armour
Potions
 f - 5 potions of might
 l - 2 potions of attraction
 m - a potion of magic
 p - 2 potions of mutation
 t - a potion of ambrosia
 E - 2 potions of invisibility
 K - a potion of resistance
 L - 5 potions of curing
 P - 2 potions of haste
 Q - 3 potions of enlightenment
 V - a potion of heal wounds
 Z - a potion of cancellation


   Skills:
 + Level 17.7 Fighting
 + Level 20.7 Long Blades
 + Level 17.7 Armour
 + Level 6.2 Dodging
 + Level 3.3 Stealth
 + Level 15.5 Shields
 + Level 1.2 Invocations
 + Level 0.5 Evocations


You had 15 spell levels left.
You didn't know any spells.
Your spell library contained the following spells:

 Spells                   Type           Power      Damage    Failure   Level
 Shock                    Conj/Air       0%         1d3       94%         1
 Slow                     Hex            0%         N/A       94%         1
 Lesser Beckoning         Tloc           0%         N/A       98%         2
 Confusing Touch          Hex            0%         N/A       100%        3
 Gell's Gravitas          Tloc           0%         N/A       100%        3
 Inner Flame              Hex/Fire       0%         N/A       100%        3
 Sigil of Binding         Hex            0%         N/A       100%        3
 Swiftness                Air            0%         N/A       100%        3
 Teleport Other           Tloc           0%         N/A       100%        3
 Vampiric Draining        Necr           0%         2d6       100%        3
 Volatile Blastmotes      Fire/Tloc      0%         2d10      100%        3
 Airstrike                Air            0%         2d(0-16)  100%        4
 Brom's Barrelling Bould  Conj/Erth      0%         2d3       100%        4
 Dimensional Bullseye     Hex/Tloc       0%         N/A       100%        4
 Flame Wave               Conj/Fire      0%         2d4       100%        4
 Fulminant Prism          Conj/Alch      0%         3d5       100%        4
 Iskenderun's Mystic Bla  Conj/Tloc      0%         2d3       100%        4
 Leda's Liquefaction      Alch/Erth      0%         N/A       100%        4
 Sticky Flame             Fire/Alch      0%         2d4       100%        4
 Alistair's Intoxication  Alch           0%         N/A       100%        5
 Borgnjor's Vile Clutch   Necr/Erth      0%         N/A       100%        5
 Fireball                 Conj/Fire      0%         3d3       100%        5
 Iskenderun's Battlesphe  Conj           0%         2d6       100%        5
 Lee's Rapid Deconstruct  Erth           0%         3d4*      100%        5
 Bombard                  Conj/Erth      0%         9d1       100%        6
 Conjure Ball Lightning   Conj/Air       0%         3x3d6     100%        6
 Eringya's Noxious Bog    Alch           0%         4d6       100%        6
 Orb of Destruction       Conj           0%         9d5       100%        7
 Call Canine Familiar     Summ           Unusable   N/A       N/A         3
 Animate Armour           Summ/Erth      Unusable   N/A       N/A         4
 Summon Lightning Spire   Summ/Air       Unusable   N/A       N/A         4

Dungeon Overview and Level Annotations

Branches:
Dungeon (15/15)            Temple (1/1) D:7            Lair (5/5) D:9
 Shoals (0/4) Lair:2       Spider (2/4) Lair:2        Slime (0/5) Lair:5
    Orc (2/2) D:11            Elf (0/3) Orc:2        Vaults (0/5) D:14
 Depths (0/4) D:15        Volcano (visited)         Gauntlet (visited)

Altars:
Ashenzari
Cheibriados
Dithmenos
Elyvilon
Fedhas
Gozag
Hepliaklqana
Kikubaaqudgha
Makhleb
Nemelex Xobeh
Okawaru
Qazlal
Ru
Sif Muna
Trog
Uskayaw
Vehumet
Wu Jian
Xom
Yredelemnul
Zin
The Shining One
Jiyva

Shops:
D:1 =   D:6 !   D:8 ?*   Orc:2 !([

Portals:
Trove: D:13 (give +3 shadow dragon scales)

Annotations:
Lair:3 Casa
Spider:2 Arachne


Innate Abilities, Weirdness & Mutations

You have a pair of horns on your head.
You reflexively headbutt those who attack you in melee.


Message History

The bolt of poison misses you.
You don't have enough magic at the moment.
You feel sick.
Arachne points her staff at you, shooting a stream of webbing.
The stream of webbing hits you but does no damage.
You are caught in a web!
There is a web here.
Unknown command.
The web tears apart.
You feel sick. You block Arachne's attack.
A redback comes into view.
Arachne says, "Come closer, little fly."
You block Arachne's attack.
Unknown command.
You slice Arachne!!
Arachne is lightly wounded.
You feel sick.
You are no longer poisoned.
You block Arachne's attack.
Unknown command.
You slash Arachne!
Arachne is lightly wounded.
Arachne hits you but does no damage. Arachne envenoms you!
* * * LOW HITPOINT WARNING * * *
You are poisoned.
Unknown command.
You open Arachne like a pillowcase!!!
The Singing Sword makes a sound as if to clear its throat.
You send a blast of sound all around you.
Arachne is heavily wounded.
The redback is moderately wounded.
You headbutt Arachne.
Arachne is heavily wounded.
You feel sick.
You hear a skittering sound.
You hear a faint skittering sound. x3
A redback comes into view.
Arachne hits you with a staff of alchemy!
* * * LOW HITPOINT WARNING * * *
Arachne envenoms you!!
You die...
Arachne says, "All wrapped up."

##. ##^. .## ^.^
.. # #.. ..# #
s#.##^. ..##.#
#..s.#.###.#...[
#.....#^..#....!#
#. . #H@#..#....
##.#.#.#[#.#.#^##
#....#..#..#...[#
#?...†#†..#.....#
#[...#.###†#†^.(
##.##..^.†..##.#
# ##...#††^## #
#^...^.†..#
##...#^.†##


You could see Arachne and 2 redbacks.

Vanquished Creatures
  An emperor scorpion (Spider:1)
  A broodmother (Spider:1)
  The ghost of Dinu the Blocker, a journeyman FoFi of Ashenzari (D:13)
  A minotaur (Gauntlet)
  A spark wasp (Spider:1)
  The ghost of Atorowat the Marksspriggan, a journeyman SpHs of Fedhas (D:13)
  3 entropy weavers
  Harold (Lair:2)
  4 hydras
  A catoblepas (Lair:2)
  3 centaur warriors
  A sphinx zombie (D:15)
  4 ogre magi
  5 vault guards (D:14)
  2 boulder beetles
  17 two-headed ogres
  5 orc high priests
  3 demonic crawlers (Spider:1)
  A vampire mage (D:15)
  Sonja (D:13)
  2 pharaoh ants
  5 skysharks
  A soul eater (Gauntlet)
  2 skeletal warriors (D:15)
  The ghost of SomethingFishy the Cleaver, a novice MiFi of Okawaru (D:7)
  Amaemon (Lair:2)
  A spark wasp zombie (D:15)
  Lodul (D:13)
  6 orb spiders
  An orange crystal statue (D:11)
  2 steelbarb worms (Spider:1)
  A sun moth (Spider:1)
  3 lindwurms
  A deep elf archer (D:14)
  3 orc knights
  A necromancer (D:15)
  A deep elf pyromancer (D:13)
  7 ugly things
  15 wolf spiders
  3 manticores
  An orc sorcerer (Orc:1)
  Maurice (D:11)
  2 moths of wrath (Spider:1)
  6 elephants (Lair:5)
  3 meliai (D:14)
  2 cyclopes (D:14)
  5 black mambas
  A merfolk siren (Lair:2)
  22 cane toads
  An orange demon (Lair:2)
  A kobold blastminer (Orc:1)
  4 molten gargoyles (Volcano)
  A rime drake (Lair:2)
  5 gargoyles (D:14)
  3 unseen horrors
  3 yaktaurs (D:12)
  15 komodo dragons
  A tengu conjurer (D:14)
  A kobold demonologist (D:11)
  A freezing wraith (D:15)
  2 minotaur zombies (Gauntlet)
  2 guardian mummies (D:13)
  3 efreet (Volcano)
  A queen bee (D:7)
  11 trolls
  4 hornets
  A merfolk (D:9)
  A tyrant leech (Lair:5)
  12 tarantellas
  3 polar bears
  28 blink frogs
  9 culicivoras
  13 jumping spiders
  9 shadows
  14 slime creatures (D:13)
  A spriggan skeleton (D:15)
  46 yaks
  3 wraiths
  A spriggan (Lair:3)
  5 wyverns
  2 fire elementals (Volcano)
  3 basilisks
  10 wargs (Orc:2)
  A hog (shapeshifter) (D:15)
  12 vampire mosquitoes
  20 redbacks
  18 water moccasins
  3 acid dragons
  20 orc warriors
  3 ice beasts
  2 laughing skulls (D:14)
  10 black bears
  23 ogres
  A boggart (D:4)
  15 wolves
  15 centaurs
  3 phantoms
  26 kobold brigands
  29 bullfrogs
  10 scorpions
  An earth elemental (Volcano)
  12 wights
  6 killer bees (D:7)
  7 howler monkeys
  2 electric eels (Lair:5)
  6 hounds
  29 orc priests
  A bombardier beetle (D:5)
  5 gnoll boudas
  15 jellies
  A sleepcap (D:5)
  An iguana (shapeshifter) (D:13)
  Natasha (thrice) (D:4)
  5 iguanas
  18 orc wizards
  19 gnolls
  10 adders
  3 shadow imps (Gauntlet)
  3 white imps (D:7)
  2 ufetubi (D:7)
  5 dart slugs
  A ribbon worm (D:2)
  99 orcs
  7 ball pythons
  10 endoplasms
  4 giant cockroaches
  6 goblins
  15 hobgoblins
  8 jackals
  23 kobolds
  2 quokkas
  14 bats
  A frilled lizard (D:1)
  A rat (D:3)
934 creatures vanquished.

Vanquished Creatures (others)
  A molten gargoyle (Volcano)
1 creature vanquished.

Grand Total: 935 creatures vanquished

Notes
Turn   | Place    | Note
-------+----------+-------------------------------------------
     0 | D:1      | Peloso the Minotaur Fighter began the quest for the Orb.
     0 | D:1      | Reached XP level 1. HP: 19/19 MP: 0/0
   343 | D:1      | Found Biyra's Jewellery Boutique.
   367 | D:1      | Reached XP level 2. HP: 27/27 MP: 1/1
   959 | D:2      | Reached skill level 3 in Long Blades
   959 | D:2      | Reached XP level 3. HP: 30/33 MP: 2/2
  1491 | D:2      | Reached XP level 4. HP: 34/40 MP: 3/3
  2033 | D:3      | Reached skill level 4 in Long Blades
  2087 | D:3      | Reached skill level 5 in Armour
  2118 | D:3      | Reached XP level 5. HP: 46/46 MP: 4/4
  2602 | D:4      | a ribbon worm changed into a boggart
  2602 | D:4      | Noticed a boggart
  2609 | D:4      | Killed a boggart
  2610 | D:4      | Reached skill level 5 in Long Blades
  2610 | D:4      | Reached XP level 6. HP: 41/53 MP: 5/5
  2835 | D:4      | Noticed Natasha
  2842 | D:4      | Killed Natasha
  2908 | D:4      | Noticed Natasha
  2914 | D:4      | Killed Natasha
  2942 | D:4      | Reached skill level 6 in Long Blades
  2942 | D:4      | Reached XP level 7. HP: 60/60 MP: 6/6
  3009 | D:4      | Noticed Natasha
  3018 | D:4      | Killed Natasha
  3019 | D:4      | Reached skill level 5 in Fighting
  3241 | D:5      | Entered Level 5 of the Dungeon
  3326 | D:5      | Found a broken altar of Ashenzari.
  3442 | D:5      | Reached skill level 7 in Long Blades
  3795 | D:5      | Reached skill level 5 in Shields
  3972 | D:5      | Reached XP level 8. HP: 58/69 MP: 7/7
  4041 | D:5      | Reached skill level 8 in Long Blades
  4136 | D:5      | Found the +11 Singing Sword {sonic wave}
  4588 | D:6      | Reached skill level 1 in Dodging
  4593 | D:6      | Reached skill level 9 in Long Blades
  4603 | D:6      | Reached skill level 1 in Stealth
  4783 | D:6      | Reached skill level 10 in Long Blades
  4941 | D:6      | Found Jaemagragi's Distillery.
  4954 | D:6      | Bought a potion of mutation for 120 gold pieces
  5142 | D:7      | Found a staircase to the Ecumenical Temple.
  5147 | D:7      | Reached XP level 9. HP: 66/75 MP: 8/8
  5160 | D:7      | Noticed SomethingFishy's ghost (novice MiFi)
  5166 | Temple   | Entered the Ecumenical Temple
  5273 | D:7      | Noticed a queen bee
  5297 | D:7      | Found a transporter.
  5375 | D:7      | Reached skill level 11 in Long Blades
  5907 | D:7      | Reached skill level 12 in Long Blades
  6133 | D:7      | Reached XP level 10. HP: 63/88 MP: 9/9
  6417 | D:8      | Found Jiall's Overcharged Wands.
  6422 | D:8      | Noticed a two-headed ogre
  6429 | D:8      | Killed a two-headed ogre
  6525 | D:8      | Reached skill level 13 in Long Blades
  6570 | D:8      | Noticed a purple ugly thing
  6576 | D:8      | Killed a purple ugly thing
  7088 | D:8      | Reached skill level 10 in Armour
  7538 | D:8      | Found Xiemegh's Magic Scroll Shop.
  7654 | D:9      | Noticed a two-headed ogre
  7659 | D:9      | Killed a two-headed ogre
  7663 | D:9      | Found a staircase to the Lair.
  7667 | D:9      | Reached XP level 11. HP: 86/97 MP: 5/10
  7686 | D:9      | Reached skill level 14 in Long Blades
  8218 | D:10     | Entered Level 10 of the Dungeon
  8430 | D:10     | Noticed a two-headed ogre
  8435 | D:10     | Killed a two-headed ogre
  8604 | D:10     | Found a sacrificial altar of Ru.
  8606 | D:10     | Found a blossoming altar of Fedhas.
  8714 | D:10     | Found an iron altar of Okawaru.
  8737 | D:10     | Became a worshipper of Warmaster Okawaru
  9143 | D:11     | Noticed an orange crystal statue
  9151 | D:11     | Noticed Maurice
  9167 | D:11     | Noticed a two-headed ogre
  9175 | D:11     | Killed a two-headed ogre
  9176 | D:11     | Reached skill level 10 in Fighting
  9176 | D:11     | Killed Maurice
  9176 | D:11     | Reached * piety under Okawaru
  9194 | D:11     | Reached skill level 15 in Long Blades
  9214 | D:11     | Found a gate leading to a gauntlet.
  9222 | Gauntlet | Entered a Gauntlet
  9222 | Gauntlet | Found a transporter.
  9237 | Gauntlet | Found a transporter.
  9252 | Gauntlet | Found a transporter.
  9255 | Gauntlet | Noticed a death yak
  9255 | Gauntlet | Noticed a large abomination
  9255 | Gauntlet | Noticed a death yak
  9256 | Gauntlet | Noticed a death yak
  9256 | Gauntlet | Noticed a death yak
  9257 | Gauntlet | Noticed a death yak
  9260 | Gauntlet | Found a transporter.
  9265 | Gauntlet | Noticed a necromancer
  9280 | Gauntlet | Found a transporter.
  9295 | Gauntlet | Found a transporter.
  9325 | Gauntlet | Noticed a blizzard demon
  9326 | Gauntlet | Found a transporter.
  9332 | Gauntlet | Found a transporter.
  9334 | Gauntlet | Found a transporter.
  9354 | Gauntlet | Found a large runed translucent door.
  9355 | Gauntlet | Found a large runed translucent door.
  9356 | Gauntlet | Found a large runed translucent door.
  9356 | Gauntlet | Found a large runed translucent door.
  9357 | Gauntlet | Found a runed translucent gate.
  9358 | Gauntlet | Found a transporter.
  9358 | Gauntlet | Found a runed translucent gate.
  9358 | Gauntlet | Noticed an obsidian statue
  9359 | Gauntlet | Found a runed translucent gate.
  9360 | Gauntlet | Found a large runed translucent door.
  9360 | Gauntlet | Found a large runed translucent door.
  9361 | Gauntlet | Found a large runed translucent door.
  9362 | Gauntlet | Found a large runed translucent door.
  9370 | Gauntlet | Found a transporter.
  9371 | Gauntlet | Found a large runed translucent door.
  9371 | Gauntlet | Found a large runed translucent door.
  9371 | Gauntlet | Found a runed translucent door.
  9371 | Gauntlet | Found a runed translucent door.
  9372 | Gauntlet | Found a large runed translucent door.
  9373 | Gauntlet | Found a large runed translucent door.
  9375 | Gauntlet | Found a transporter.
  9375 | Gauntlet | Found a transporter.
  9377 | Gauntlet | Found a transporter.
  9400 | Gauntlet | Found a transporter.
  9405 | Gauntlet | Found a transporter.
  9552 | Gauntlet | Found a transporter.
  9552 | Gauntlet | Noticed a soul eater
  9552 | Gauntlet | Found the ring of the Octopus King
  9581 | Gauntlet | Found a transporter.
  9587 | Gauntlet | Found a large runed translucent door.
  9588 | Gauntlet | Found a large runed translucent door.
  9735 | Gauntlet | Found a large runed translucent door.
  9735 | Gauntlet | Found a large runed translucent door.
  9755 | Gauntlet | Killed a soul eater
  9765 | Gauntlet | Identified a ring of the Octopus King {rC+ HP+2 AC+2 EV+2
                  | SH+2}
  9870 | Gauntlet | Reached skill level 1 in Invocations
  9887 | Gauntlet | Reached ** piety under Okawaru
  9900 | Gauntlet | Identified the amulet "Xuontaaq" {Acrobat Str+3}
  9966 | Gauntlet | Noticed a minotaur
  9981 | Gauntlet | Killed a minotaur
  9982 | Gauntlet | Reached XP level 12. HP: 65/107 MP: 1/11
  9984 | Gauntlet | Identified the amulet "Voludgh" {Reflect Int+7 SH+5}
 10117 | D:11     | Found a staircase to the Orcish Mines.
 10363 | D:11     | Reached *** piety under Okawaru
 10842 | Lair:1   | Entered Level 1 of the Lair of Beasts
 10971 | Lair:1   | You fall into a shaft and drop 1 floor!
 11024 | Lair:2   | Reached skill level 16 in Long Blades
 11028 | Lair:2   | Reached **** piety under Okawaru
 11036 | Lair:2   | Noticed a catoblepas
 11047 | Lair:2   | Killed a catoblepas
 11311 | Lair:2   | Noticed Harold
 11318 | Lair:2   | Killed Harold
 11318 | Lair:2   | Reached ***** piety under Okawaru
 11322 | Lair:2   | Noticed Amaemon
 11332 | Lair:2   | Killed Amaemon
 11564 | Lair:2   | Found a hole to the Spider Nest.
 11747 | Lair:2   | Reached skill level 10 in Shields
 12003 | Lair:2   | Found a staircase to the Shoals.
 12605 | Lair:1   | Reached XP level 13. HP: 104/117 MP: 7/12
 12608 | Lair:1   | Reached skill level 17 in Long Blades
 13358 | Lair:3   | Received a gift from Okawaru
 15374 | Orc:1    | Entered Level 1 of the Orcish Mines
 15534 | Orc:2    | Entered Level 2 of the Orcish Mines
 15679 | Orc:2    | Reached ****** piety under Okawaru
 15682 | Orc:2    | Received a gift from Okawaru
 15685 | Orc:2    | Reached skill level 15 in Armour
 15685 | Orc:2    | Paralysed by something for 2 turns
 15723 | Orc:2    | Received a gift from Okawaru
 15736 | Orc:2    | Reached XP level 14. HP: 90/129 MP: 0/13
 15737 | Orc:2    | Reached skill level 18 in Long Blades
 15838 | Orc:2    | Found Foishram's Weapon Boutique.
 16076 | Orc:2    | Found Xyjuro Hofav's Distillery.
 16081 | Orc:2    | Bought a potion of haste for 120 gold pieces
 16313 | Orc:2    | Found a staircase to the Elven Halls.
 16539 | Orc:2    | Found Gudinuoh's Antique Armour Shop.
 17346 | Lair:4   | Found a dark tunnel.
 17357 | Volcano  | Entered a volcano
 17366 | Volcano  | Received a gift from Okawaru
 22365 | Volcano  | Glimpsed the power of Zot.
 22431 | Lair:4   | Found the +3 pair of seven-league boots {Rampage+∞}
 22872 | Lair:4   | Received a gift from Okawaru
 23542 | Lair:5   | Entered Level 5 of the Lair of Beasts
 23547 | Lair:5   | Found a viscous altar of Jiyva.
 23547 | Lair:5   | Found a staircase to the Slime Pits.
 23724 | Lair:5   | Reached skill level 15 in Fighting
 23724 | Lair:5   | Reached XP level 15. HP: 133/141 MP: 0/14
 23740 | Lair:5   | Reached skill level 19 in Long Blades
 23755 | Lair:5   | Received a gift from Okawaru
 24675 | Lair:5   | Identified the +0 leather armour of Morality {Str-2 Int+6}
 24697 | Lair:5   | Received a gift from Okawaru
 25204 | D:13     | Found a runed translucent gate.
 25205 | D:13     | Found a runed translucent gate.
 25209 | D:13     | Found a runed translucent gate.
 25209 | D:13     | Noticed Dinu's ghost (journeyman FoFi)
 25209 | D:13     | Noticed Atorowat's ghost (journeyman SpHs)
 25253 | D:13     | Found a portal to a secret trove of treasure.
 26085 | D:14     | Found an ancient bone altar of Kikubaaqudgha.
 26364 | D:14     | Found a gate to the Vaults.
 26375 | D:14     | Received a gift from Okawaru
 26523 | D:15     | Entered Level 15 of the Dungeon
 28043 | D:13     | Noticed Sonja
 28055 | D:13     | Killed Sonja
 28187 | D:13     | Noticed Lodul
 28197 | D:13     | Killed Lodul
 28948 | D:14     | Reached skill level 20 in Long Blades
 28950 | D:14     | Reached skill level 5 in Dodging
 29645 | D:15     | Identified the +5 war axe "Tenehod" {freeze, rElec rF+
                  | Will+ Dex-4}
 29646 | D:15     | Found a staircase to the Depths.
 29671 | D:15     | Reached XP level 16. HP: 148/152 MP: 0/15
 30149 | D:15     | Received a gift from Okawaru
 30712 | D:7      | Found a transporter.
 30732 | D:7      | Killed SomethingFishy's ghost
 30949 | D:13     | Killed Dinu's ghost
 30956 | D:13     | Killed Atorowat's ghost
 31183 | Spider:1 | Entered Level 1 of the Spider Nest
 31840 | Spider:1 | Received a gift from Okawaru
 32228 | Spider:1 | Reached skill level 15 in Shields
 32668 | Spider:2 | Received a gift from Okawaru
 32694 | Spider:2 | Noticed Arachne
 32698 | Spider:2 | Identified the +2 cloak of Ziskot {-Cast Harm rN+ rCorr}
 32704 | Spider:2 | Slain by Arachne

Illustrated notes

Levels and vault maps discovered:
D:1:      wander_arrival_fairy_ring, layout_basic, serial_shops,
          nicolae_shop_pleasant_corner_grove
D:2:      layout_basic, hangedman_abyss_or_decor_stabs, dk_noncrumbling_3
D:3:      layout_loops_corners, minmay_misc_feat_secret_circle, minivault_19
D:4:      layout_rooms, dreamdust_mushroom_princess, uniq_natasha
D:5:      old_forge, layout_layer_cave, mainiacjoe_overflow_24_doors
D:6:      layout_cave_pools, serial_shops, shop
D:7:      kennysheep_housing_project, layout_basic,
          minmay_temple_entry_proselytizer, gammafunk_ghost_hive,
          minmay_misc_feat_square, mrwooster_statue_mirror, minmay_manual_mullet
D:8:      layout_gridville, serial_shops, shop, nicolae_shop_overcharged_wands
D:9:      layout_rooms, due_lair_maze_entry_diamond, hangedman_fish_farm
D:10:     layout_basic, mainiacjoe_overflow_boulevard,
          grunt_temple_overflow_open, serial_rivers,
          chequers_serial_rivers_micro_e, chequers_serial_rivers_micro_e,
          chequers_serial_rivers_micro_d, chequers_serial_rivers_micro_c,
          chequers_serial_rivers_micro_a
D:11:     layout_cave_pools, orc_david_3, special_room [special_room_kobold],
          gauntlet_entry_generic, minmay_statue_bubble, uniq_maurice
D:12:     layout_irregular_city, nrook_mini_backslash,
          kennysheep_generic_room_11
D:13:     layout_irregular_city, gammafunk_ghost_cemetery,
          nicolae_trove_entry_path_of_doom, uniq_sonja, uniq_lodul
D:14:     wander_river, layout_loops_ring, grunt_vaults_entry_fortified,
          kiku_gazebo_garden_becter
D:15:     gammafunk_depths_entry_grave, layout_basic, nicolae_hexahallways
Temple:   mainiacjoe_temple_bowtie_tessellation
Lair:1:   layout_layer_cave
Lair:2:   layout_gridlike, minmay_shoals_entry_lonely_mermaid,
          nicolae_spider_entry_orb_guardian, infiniplex_staircase_pool_2,
          uniq_harold, uniq_amaemon
Lair:3:   layout_regular_city, grunt_forest_stairs_clearing, grunt_megastairs_3
Lair:4:   layout_loops_ring, lightli_volcano_entry_magma_tube,
          hangedman_lair_generics_rect, lemuel_fruit_fields
Lair:5:   minmay_lair_end_frog_pond, layout_gridlike,
          minmay_slime_entry_jelly_boxes, infiniplex_staircase_pool,
          serial_bayou_shore_b, serial_bayou_shore_a
Spider:1: layout_cave_pods
Spider:2: cheibrodos_spider_silkery, uniq_arachne
Orc:1:    layout_caves, minmay_orc_temple_c
Orc:2:    st_orc_town, layout_caves

Skill      XL: |  1  2  3  4  5  6  7  8  9 10 11 12 13 14 15 16 |
---------------+-------------------------------------------------+-----
Fighting       | 4 5 6 7 9 10 11 13 15 16 17 | 17.7
Armour         | 4 5 6 7 9 10 12 13 15 16 17 | 17.7
Long Blades    | 3 4 5 6 7 10 12 13 15 16 17 18 20 | 20.7
Shields        | 4 5 6 7 8 10 11 12 14 15 | 15.5
Dodging        | 1 2 3 4 5 6 |  6.2
Stealth        | 1 2 3 |  3.3
Invocations    | 1 |  1.2
Evocations     | |  0.5

Action                     |  1- 3 |  4- 6 |  7- 9 | 10-12 | 13-15 | 16-18 || total
---------------------------+-------+-------+-------+-------+-------+-------++-------
  Melee: Long sword        |    84 |   144 |   106 |       |       |       ||   334
         Headbutt          |    10 |    21 |    42 |    57 |   162 |    44 ||   336
         Double sword      |       |       |   120 |   319 |   751 |   227 ||  1417
         Scimitar          |       |       |       |       |     6 |       ||     6
 Invoke: Heroism           |       |       |       |     2 |       |       ||     2
  Evoke: Wand              |       |       |       |       |     4 |       ||     4
    Use: Scroll            |     2 |     3 |     6 |     7 |     6 |     5 ||    29
         Potion            |       |       |       |     3 |     1 |     3 ||     7
   Stab: Petrifying        |       |       |     1 |       |       |       ||     1
         Confused          |       |       |     1 |       |       |       ||     1
 Armour: Plate armour      |    62 |   128 |   237 |   279 |   274 |       ||   980
         Scale mail        |     1 |       |       |       |       |       ||     1
         Chain mail        |       |       |       |       |   338 |   224 ||   562
  Dodge: Dodged            |    17 |    34 |    79 |    95 |   291 |   140 ||   656
  Block: Buckler           |    15 |    30 |    56 |   105 |   191 |       ||   397
         Kite shield       |       |       |       |       |   161 |   221 ||   382
